 Dungeon Crawl Stone Soup version 0.18-a0-1109-gfc003ac (webtiles) character file.

3088 xgamer67 the Tainter (level 9, -3/56 HPs)
             Began as an Octopode Venom Mage on Jan 16, 2016.
             Was a Priest of Vehumet.
             Killed from afar by an orc wizard (9 damage)
             ... with a magic dart
             ... on level 9 of the Dungeon.
             The game lasted 00:33:49 (10112 turns).

xgamer67 the Tainter (Octopode Venom Mage)         Turns: 10112, Time: 00:33:49

Health: -3/56      AC:  3    Str:  7      XL:     9   Next: 89%
Magic:  16/16      EV: 14    Int: 20      God:    Vehumet [***...]
Gold:   425        SH:  5    Dex: 10 (13) Spells: 5 memorised, 4 levels left

rFire  . . .     SeeInvis .     a - +2 dagger (venom)
rCold  . . .     Gourm    .     (no shield)
rNeg   . . .     Faith    .     (helmet restricted)
rPois  +         Spirit   .     x - +5 amulet of reflection
rElec  .         Dismiss  .     g - ring of poison resistance
rCorr  .         Reflect  +     y - +2 ring of protection
SustAt .         Harm     .     (no ring)
MR     .....                    (no ring)
Stlth  ++++......               (no ring)
                                (no ring)
                                (no ring)
                                (no ring)

@: lethally poisoned (-3 -> -4), exhausted, starving, slowed, very slow, not
resistant to hostile enchantments, stealthy
A: almost no armour, amphibious, 8 rings, constrict 8, camouflage 1, gelatinous
body 1
a: Renounce Religion


You were on level 9 of the Dungeon.
You worshipped Vehumet.
Vehumet was most pleased with you.
You were starving.

You visited 1 branch of the dungeon, and saw 9 of its levels.

You collected 425 gold pieces.

Inventory:

Hand Weapons
 a - a +2 dagger of venom (weapon)
Missiles
 l - 53 poisoned needles
 o - 3 tomahawks (quivered)
 G - 7 tomahawks of dispersal
Magical Staves
 C - an uncursed staff of earth
Jewellery
 g - a ring of poison resistance (left tentacle)
 r - an uncursed amulet of the gourmand
 x - a +5 amulet of reflection (around mantle)
 y - a +2 ring of protection (right tentacle)
Wands
 m - a wand of digging (1/24)
 t - a wand of polymorph (0/24)
 J - a wand of frost (11/48)
 K - a wand of flame (28/48)
Scrolls
 i - a scroll of fear
 n - 4 scrolls of recharging
 p - 2 scrolls of magic mapping
 s - 3 scrolls of remove curse
 w - a scroll of fog
 D - a scroll of immolation
 I - a scroll of enchant armour
Potions
 d - 2 potions of brilliance
 e - 2 potions of flight
 h - 2 potions of heal wounds
 k - 2 potions of resistance
 q - a potion of might {unknown}
 v - a potion of mutation {unknown}
 z - a potion of berserk rage
 B - 2 potions of haste
 F - a potion of magic {unknown}
 H - a potion of poison {unknown}
Books
 c - a book of the Warp

   Spells                             Type                      Level
   a - Recall                         Summoning/Translocation      3
   b - Gell's Gravitas                Hexes/Translocation          3
   c - Force Lance                    Conjuration/Translocation    4
   d - Phase Shift                    Translocation                5
   e - Warp Weapon                    Charms/Translocation         5
   f - Summon Forest                  Summoning/Translocation      5
 u - a book of Frost

   Spells                             Type                      Level
   a - Freeze                         Ice                          1
   b - Throw Frost                    Conjuration/Ice              2
   c - Ozocubu's Armour               Charms/Ice                   3
   d - Throw Icicle                   Conjuration/Ice              4
   e - Summon Ice Beast               Ice/Summoning                4
   f - Condensation Shield            Ice                          4
 L - a book of Flames

   Spells                             Type                      Level
   a - Flame Tongue                   Conjuration/Fire             1
   b - Throw Flame                    Conjuration/Fire             2
   c - Conjure Flame                  Conjuration/Fire             3
   d - Inner Flame                    Hexes/Fire                   3
   e - Sticky Flame                   Conjuration/Fire             4
   f - Fireball                       Conjuration/Fire             5
Comestibles
 b - 13 bread rations
 f - a slice of pizza
 j - 2 meat rations
 A - a beef jerky
 E - 2 royal jellies
 M - a chunk of flesh


   Skills:
 - Level 3.0 Fighting
 - Level 6.0 Dodging
 - Level 6.1 Stealth
 + Level 5.0 Spellcasting
 + Level 7.5 Conjurations
 - Level 9.0 Poison Magic


You had 4 spell levels left.
You knew the following spells:

 Your Spells              Type           Power        Failure   Level  Hunger
a - Sting                 Conj/Pois      ####         1%          1    None
b - Flame Tongue          Conj/Fire      ###..        1%          1    None
c - Olgreb's Toxic Radia  Pois           #####...     1%          4    ####...
d - Venom Bolt            Conj/Pois      #####.....   3%          5    #####..
e - Mephitic Cloud        Conj/Pois/Air  ####....     1%          3    ##.....


Dungeon Overview and Level Annotations

Branches:
Dungeon (9/15)             Temple (0/1) D:4
   Lair: D:8-11         Orc: D:9-12

Altars:
Cheibriados
Fedhas
Kikubaaqudgha
Nemelex Xobeh
Pakellas
Ru
Sif Muna
Vehumet
Xom

Annotations:
D:8 Gastronok
D:9 exclusion: centaur


Innate Abilities, Weirdness & Mutations

You cannot wear most types of armour.
You are amphibious.
You can wear up to eight rings at the same time.
You can use your tentacles to constrict eight enemies at once.
Your skin changes colour to match your surroundings (Stealth).
Your rubbery body absorbs attacks (AC +1).


Message History

You feel sick. The hungry ghost hits you.
* * * LOW HITPOINT WARNING * * *
You are starving!
Something hits you but does no damage. The hungry ghost barely misses you.
You continue eating.
Something barely misses you. The hungry ghost barely misses you.
You hear some strange, mumbled words.
A puff of flame appears from out of thin air!
The puff of flame hits you!
* * * LOW HITPOINT WARNING * * *
You continue eating.
You feel sick. The hungry ghost barely misses you.
You hear some strange, mumbled words.
Something tries to affect you, but you resist.
The hungry ghost hits you.
You feel somewhat more hungry.
You miss the hungry ghost.
You hear some strange, mumbled words.
A magic dart appears from out of thin air!
The magic dart hits you!
You die...

.. #...# ....
#...# ..... #...#
.....#+#######...#
........(........#
.....)[(.........#
....)...(........#
.....).)W....<.>.#
.......)@........#
........#####....#
........# #....#
...###### #.####
... .#


You could see a hungry ghost.

Vanquished Creatures
  A spriggan (D:7)
  A hippogriff (D:7)
  A hungry ghost (D:9)
  An ice beast (D:6)
  An orc warrior (D:7)
  A phantom (D:6)
  5 ogres
  A sky beast (D:7)
  A necrophage (D:8)
  A crocodile (D:8)
  3 centaurs
  5 giant frogs
  4 scorpions
  4 wights (D:8)
  A crimson imp (D:8)
  3 quasits
  4 hounds
  A jelly (D:8)
  2 orc priests
  An orc wizard (D:6)
  4 worker ants
  3 iguanas
  A hound skeleton (D:6)
  A worker ant zombie (D:5)
  7 gnolls
  8 adders
  An ooze (D:1)
  An adder zombie (D:7)
  6 worms
  5 giant geckos
  18 orcs
  6 bats
  3 giant cockroaches
  5 goblins
  12 hobgoblins
  4 quokkas
  2 ball pythons
  A giant gecko skeleton (D:6)
  A giant gecko zombie (D:5)
  6 giant newts
  A kobold (D:3)
  A quokka skeleton (D:6)
  A quokka zombie (D:6)
  11 rats
151 creatures vanquished.

Notes
Turn   | Place    | Note
--------------------------------------------------------------
     0 | D:1      | xgamer67 the Octopode Venom Mage began the quest for the Orb.
     0 | D:1      | Reached XP level 1. HP: 11/11 MP: 3/3
   213 | D:1      | Reached skill level 5 in Poison Magic
   223 | D:1      | Reached XP level 2. HP: 10/17 MP: 0/5
   229 | D:1      | Reached skill level 1 in Conjurations
   579 | D:1      | Learned a level 2 spell: Cure Poison
   814 | D:1      | Reached XP level 3. HP: 17/21 MP: 4/6
   819 | D:1      | Learned a level 3 spell: Mephitic Cloud
  1304 | D:2      | HP: 1/21 [poisoned by an adder]
  1635 | D:2      | Found a radiant altar of Vehumet.
  1742 | D:2      | Became a worshipper of Vehumet
  1820 | D:2      | Reached XP level 4. HP: 27/27 MP: 4/7
  1890 | D:2      | Found a shimmering altar of Xom.
  2811 | D:3      | Found a deep blue altar of Sif Muna.
  2854 | D:3      | Reached XP level 5. HP: 31/31 MP: 5/8
  3023 | D:3      | Reached * piety under Vehumet
  3023 | D:3      | Offered knowledge of Flame Tongue by Vehumet.
  3028 | D:3      | Learned a level 1 spell: Flame Tongue
  3768 | D:4      | Found an oddly glowing altar of Pakellas.
  3768 | D:4      | Found a blossoming altar of Fedhas.
  3768 | D:4      | Found an ancient bone altar of Kikubaaqudgha.
  3897 | D:4      | Found a snail-covered altar of Cheibriados.
  3925 | D:4      | Found a staircase to the Ecumenical Temple.
  4097 | D:5      | Entered Level 5 of the Dungeon
  4102 | D:5      | Noticed an ogre
  4102 | D:5      | Noticed an ogre
  4128 | D:5      | Reached XP level 6. HP: 31/36 MP: 7/10
  4370 | D:5      | Found a sacrificial altar of Ru.
  4796 | D:5      | Reached skill level 5 in Stealth
  4796 | D:5      | Reached skill level 6 in Poison Magic
  4839 | D:5      | Found a sparkling altar of Nemelex Xobeh.
  4843 | D:5      | Reached skill level 1 in Fighting
  4843 | D:5      | Reached XP level 7. HP: 40/43 MP: 7/11
  5765 | D:6      | Reached skill level 5 in Conjurations
  6165 | D:6      | Reached XP level 8. HP: 52/52 MP: 8/12
  6708 | D:6      | Offered knowledge of Magic Dart by Vehumet.
  6714 | D:6      | Learned a level 4 spell: Olgreb's Toxic Radiance
  6721 | D:6      | Reached ** piety under Vehumet
  6744 | D:6      | Learned a level 5 spell: Venom Bolt
  7469 | D:7      | Reached skill level 7 in Poison Magic
  7748 | D:7      | Reached skill level 5 in Dodging
  7748 | D:7      | Reached XP level 9. HP: 56/56 MP: 9/15
  8176 | D:7      | Reached skill level 8 in Poison Magic
  8673 | D:8      | Noticed Gastronok
  9272 | D:8      | Offered knowledge of Stone Arrow by Vehumet.
  9564 | D:8      | Found an oddly glowing altar of Pakellas.
  9712 | D:8      | Reached skill level 9 in Poison Magic
 10101 | D:9      | Reached skill level 5 in Spellcasting
 10106 | D:9      | Reached *** piety under Vehumet
 10112 | D:9      | Killed from afar by an orc wizard

Vault maps used:
D:1:      tarquinn_simple_flora_water_a
D:2:      lemuel_doored_altar, nicolae_overflow_crystal_walls
D:3:      lemuel_round_altar, first_bread, grunt_decor_fettered
D:4:      cheibriados_altar_1, grunt_temple_overflow_open,
          minmay_temple_entry_grid
D:5:      nemelex_xobeh_ov_fountains_minmay, nicolae_ru_awakened_eye
D:7:      the_bakery
D:8:      johnstein_pakellas_dig, uniq_gastronok
D:9:      hangedman_abyss_or_decor_passed

Action                   |  1- 3 |  4- 6 |  7- 9 || total
-------------------------+-------+-------+-------++-------
Melee: Spear             |    67 |     5 |       ||    72
       Dagger            |       |    40 |    80 ||   120
Throw: Stone             |       |       |     1 ||     1
       Tomahawk          |       |       |     3 ||     3
 Cast: Sting             |    32 |    77 |   148 ||   257
       Cure Poison       |     1 |       |       ||     1
       Flame Tongue      |       |     4 |    75 ||    79
       Olgreb's Toxic Ra |       |       |     2 ||     2
Evoke: Wand              |       |       |     8 ||     8
  Use: Scroll            |     3 |     5 |     7 ||    15
       Potion            |       |       |     4 ||     4
 Stab: Sleeping          |     5 |     6 |     7 ||    18
  Eat: Chunk             |     3 |    10 |    17 ||    30
